 Dungeon Crawl Stone Soup version 0.13-a0-2527-g93fcdc4 (webtiles) character file.

1640 Kae the Arsonist (level 8, -3/41 HPs)
             Began as a Tengu Fire Elementalist on July 25, 2013.
             Slain by a hill giant
             ... wielding a +0,+0 giant spiked club
              (44 damage)
             ... on Level 6 of the Dungeon.
             The game lasted 00:21:06 (7916 turns).

Kae the Arsonist (Tengu Fire Elementalist)          Turns: 7916, Time: 00:21:07

HP  -3/41        AC  5     Str  9      XL: 8   Next: 94%
MP  13/20        EV 12     Int 17      God:
Gold 37          SH  0     Dex 15      Spells:  4 memorised,  6 levels left

Res.Fire  : . . .   See Invis. : .   v - +3,+2 hand axe (venom) (curse)
Res.Cold  : . . .   Warding    : .   o - +1 robe
Life Prot.: . . .   Conserve   : .   (no shield)
Res.Poison: .       Res.Corr.  : .   (helmet restricted)
Res.Elec. : .       Clarity    : .   t - +0 cloak
Sust.Abil.: . .     Spirit.Shd : .   A - +0 pair of elf gauntlets (curse)
Res.Mut.  : .       Stasis     : +   (boots unavailable)
Res.Rott. : .       Flight     : .   C - amulet of stasis
Saprovore : . . .                    (no ring)
                                     (no ring)

@: slightly resistant to hostile enchantments, fairly stealthy
A: able to fly, beak, talons 3
a: Fly


You were on level 6 of the Dungeon.
You were not hungry.

You visited 1 branch of the dungeon, and saw 6 of its levels.

You collected 121 gold pieces.
You spent 104 gold pieces at shops.

Inventory:

Hand weapons
 v - a cursed +3,+2 hand axe of venom (weapon)
Armour
 a - a +0 pair of gloves
 o - a +1 robe (worn)
 t - a +0 cloak (worn)
 A - a cursed +0 pair of elven gauntlets (worn)
Magical devices
 x - a wand of paralysis (12) {unknown}
Comestibles
 c - 4 bread rations
 d - a rotting chunk of orc flesh
 p - a pear
 w - an apple
 E - a chunk of adder flesh
Scrolls
 e - a scroll of amnesia
 f - a scroll of enchant weapon I
 g - 8 scrolls of identify
 l - a scroll of teleportation
 B - 5 scrolls of remove curse
Jewellery
 j - an uncursed ring of teleportation
 m - an uncursed ring of see invisible {unknown}
 C - an amulet of stasis (around neck)
Potions
 h - 3 potions of heal wounds
 i - a potion of restore abilities
 k - a potion of flight {unknown}
 n - 4 potions of curing
 q - a potion of might {unknown}
 r - 2 potions of speed {unknown}
 s - a potion of confusion {unknown}
 u - a potion of agility {unknown}
 z - a potion of invisibility
 D - 2 potions of brilliance {unknown}
Books
 b - a book of Flames

   Spells                             Type                      Level
   *Flame Tongue                      Conjuration/Fire             1
   *Throw Flame                       Conjuration/Fire             2
   *Conjure Flame                     Conjuration/Fire             3
   Inner Flame                        Hexes/Fire                   3
   *Sticky Flame                      Conjuration/Fire             4
   Fireball                           Conjuration/Fire             5


   Skills:
 - Level 2.1 Dodging
 - Level 2.0 Stealth
 * Level 4.6 Spellcasting
 + Level 8.4 Conjurations
 + Level 8.6 Fire Magic


You had 6 spell levels left.
You knew the following spells:

 Your Spells              Type           Power        Failure   Level  Hunger
a - Flame Tongue          Conj/Fire      ####.        1%          1    None
b - Throw Flame           Conj/Fire      ####..       1%          2    #......
c - Conjure Flame         Conj/Fire      ####....     1%          3    ###....
d - Sticky Flame          Conj/Fire      ####....     6%          4    ####...


Dungeon Overview and Level Annotations

Branches:
Dungeon (6/27)
 Temple: D:4-7          Orc: D:6-11

Altars:
Fedhas
Nemelex Xobeh
Zin

Shops:
D:4: ! D:6: *

Annotations
D:3 Sigmund
D:4 onwiheg's ghost, average DjFi


Innate Abilities, Weirdness & Mutations

You can fly.
You have a beak for a mouth.
You have claws for feet.


Message History

Found a papyrus book.
There is an open door here.
Casting: Flame Tongue
Confirm with . or Enter, or press ? or * to list all spells.
Aiming: Conjure Flame
Press: ? - help, Dir - move target cursor The fire roars!
Casting: Conjure Flame
Confirm with . or Enter, or press ? or * to list all spells.
Aiming: Sticky Flame
Press: ? - help, Shift-Dir - straight line, f - hill giant
Aim: a hill giant, wielding a giant spiked club (flame)
The sticky flame hits the hill giant.
The hill giant is lightly wounded.
The hill giant is covered in liquid flames!
The hill giant burns!
The hill giant is engulfed in roaring flames.
The hill giant hits you with a giant spiked club!
Ouch! That really hurt!
You die...

..# #.. #..###....##..... ###
. ..## ####..###....####### #
#.. #.. ..####.#......## #
..##..##.. ##...##...# # .
#.[ #..# #..###...##### # ..
#..##..### #...###....... #
#. #..##%.# #...##...##### #
#..##..##..######......#.....
# #..........C@.#
##....######. #
#####'#######.# ##....## #. #
#.# #%###......## #% # ...
#.##...##%..# #. # #F.S#
#..'..###...# #. # .....
####...###..# #. # ###.###
#...##...# #. # .


Z.S . ##...%..#####. # .⌠...⌠. ##.%..##..... You could see a hill giant
(burning).

Vanquished Creatures
  Grinder (D:5)
  Menkaure (D:5)
  An ice beast (D:5)
  3 giant frogs
  6 crimson imps
  3 hounds
  2 orc priests
  3 orc wizards
  A centaur skeleton (D:5)
  3 scorpions
  2 worker ants
  Ijyb (D:2)
  4 gnolls (D:3)
  6 adders
  2 giant mites
  2 worms
  An iguana skeleton (D:5)
  5 giant geckos
  An ooze (D:3)
  14 orcs
  3 ball pythons
  2 bat skeletons
  5 giant cockroaches
  7 goblins
  11 hobgoblins
  8 jackals
  11 kobolds
  2 quokkas
  11 bats
  A giant gecko skeleton (D:6)
  5 giant newts
  2 giant spores (D:6)
  A hobgoblin zombie (D:5)
  10 rats
  5 ballistomycetes (D:6)
146 creatures vanquished.

Notes
Turn   | Place    | Note
--------------------------------------------------------------
     0 | D:1      | Kae, the Tengu Fire Elementalist, began the quest for the Orb.
     0 | D:1      | Reached XP level 1. HP: 10/10 MP: 3/3
   218 | D:1      | Reached XP level 2. HP: 15/15 MP: 3/5
  1152 | D:1      | Reached XP level 3. HP: 13/19 MP: 6/6
  1525 | D:2      | Noticed Ijyb
  1564 | D:2      | Killed Ijyb
  1844 | D:2      | Reached skill level 4 in Conjurations
  1921 | D:2      | Reached XP level 4. HP: 24/24 MP: 5/8
  2252 | D:2      | Learned a level 2 spell: Throw Flame
  2574 | D:3      | Noticed Sigmund
  3142 | D:3      | Reached XP level 5. HP: 28/28 MP: 6/10
  3157 | D:3      | Reached skill level 5 in Conjurations
  3898 | D:4      | Found Crimp's Distillery.
  3924 | D:4      | Bought a potion of heal wounds for 33 gold pieces
  3924 | D:4      | Bought a potion of poison for 11 gold pieces
  3924 | D:4      | Bought a potion of invisibility for 60 gold pieces
  4170 | D:4      | Reached skill level 5 in Fire Magic
  4253 | D:4      | Reached XP level 6. HP: 29/32 MP: 7/11
  4355 | D:4      | Learned a level 3 spell: Conjure Flame
  4477 | D:4      | Noticed onwiheg's ghost (average DjFi)
  4583 | D:4      | Found a blossoming altar of Fedhas.
  4677 | D:4      | Reached skill level 6 in Fire Magic
  4992 | D:5      | Entered Level 5 of the Dungeon
  5011 | D:5      | Noticed Menkaure
  5013 | D:5      | Killed Menkaure
  5013 | D:5      | Reached XP level 7. HP: 36/36 MP: 7/12
  5254 | D:5      | Reached skill level 7 in Fire Magic
  5268 | D:5      | Found a sparkling altar of Nemelex Xobeh.
  6415 | D:5      | Noticed Grinder
  6442 | D:5      | Reached XP level 8. HP: 17/41 MP: 10/17
  6669 | D:4      | Learned a level 4 spell: Sticky Flame
  6746 | D:5      | Killed Grinder
  6746 | D:5      | Reached skill level 8 in Fire Magic
  7245 | D:6      | Found Moschocsu's Assorted Antiques.
  7527 | D:6      | Found a glowing silver altar of Zin.
  7905 | D:6      | Noticed a hill giant
  7916 | D:6      | Slain by a hill giant

Action                   |  1- 3 |  4- 6 |  7- 9 || total
-------------------------+-------+-------+-------++-------
Melee: Unarmed           |    34 |     1 |       ||    35
       Hand axe          |       |    45 |   214 ||   259
 Cast: Flame Tongue      |    51 |    82 |   102 ||   235
       Throw Flame       |       |     4 |    25 ||    29
       Conjure Flame     |       |     1 |     3 ||     4
       Sticky Flame      |       |       |     2 ||     2
 Abil: Fly               |       |     3 |     1 ||     4
  Use: Potion            |       |     2 |     1 ||     3
       Scroll            |       |     7 |     5 ||    12
 Stab: Sleeping          |       |     2 |     1 ||     3
